 Dungeon Crawl Stone Soup version 0.18-a0-316-gf882de5 (console) character file.

21437 endege the Grappler (level 12, -6/171 HPs)
             Began as a Troll Assassin on Nov 27, 2015.
             Was a Priest of Trog.
             Mangled by a 16-headed hydra (15 damage)
             ... on level 3 of the Lair of Beasts.
             The game lasted 00:11:19 (10434 turns).

endege the Grappler (Troll Assassin)               Turns: 10434, Time: 00:11:19

Health: -6/171     AC:  8    Str: 27    XL:     12   Next: 54%
Magic:  11/11      EV: 13    Int:  7    God:    Trog [***...]
Gold:   365        SH: 12    Dex: 15    Spells: 0 memorised, 11 levels left

rFire  . . .     SeeInvis .       - Unarmed
rCold  . . .     Clarity  +     e - +2 robe {rN+}
rNeg   + . .     SustAt   .     w - +1 shield
rPois  +         Gourm    +     (helmet restricted)
rElec  .         Spirit   .     d - +0 cloak
rCorr  .         Warding  .     (gloves unavailable)
rMut   .         Stasis   .     (boots unavailable)
MR     .....                    q - amulet of clarity
Stlth  ..........               (no ring)
                                y - ring of poison resistance

@: berserking (expiring), very quick, not resistant to hostile enchantments,
extremely unstealthy
A: unfitting armour, claws 3, fast metabolism 3, gourmand, regeneration 2,
shaggy fur 1, tough skin 2
a: Berserk, Trog's Hand, Burn Spellbooks, Renounce Religion


You were on level 3 of the Lair of Beasts.
You worshipped Trog.
Trog was most pleased with you.
You were very full.

You visited 3 branches of the dungeon, and saw 12 of its levels.
You also visited: Sewer.

You collected 682 gold pieces.
You spent 317 gold pieces at shops.


Innate Abilities, Weirdness & Mutations

You are too large for most types of armour.
You have claws for hands.
Your metabolism is lightning-fast.
You like to eat raw meat.
You heal very quickly.
You are covered in fur (AC +1).
You have very tough skin (AC +2).


   Skills:
 + Level 6.3 Fighting
 - Level 1.5 Short Blades
 - Level 1.7 Throwing
 - Level 6.4 Dodging
 - Level 2.4 Stealth
 - Level 8.1 Shields
 + Level 13.8 Unarmed Combat


You had 11 spell levels left.
You didn't know any spells.

Inventory:

Hand Weapons
 a - a +2 dagger
 b - a +0 blowgun
Armour
 d - a +0 cloak (worn)
 e - a +2 robe of positive energy (worn)
 w - a +1 shield (worn)
Jewellery
 q - an amulet of clarity (around neck)
 y - a ring of poison resistance (left claw)
Wands
 f - a wand of digging (11)
Scrolls
 i - 3 scrolls of remove curse
 l - 5 scrolls of teleportation
 p - a scroll of identify
Potions
 h - 2 potions of haste
 m - 10 potions of curing
 v - a potion of poison {unknown}
 x - a potion of cure mutation {unknown}
 A - 2 potions of heal wounds
 B - a potion of might {unknown}
Comestibles
 g - 9 bread rations
 n - 5 beef jerkies
 o - 7 meat rations
 r - 21 fruits
 s - 2 slices of pizza
 u - 12 royal jellies

Dungeon Overview and Level Annotations

Branches:
Dungeon (8/15)             Temple (1/1) D:5            Lair (3/8) D:8
  Swamp: Lair:3-6    Shoals: Lair:3-6     Snake: Lair:3-6    Spider: Lair:3-6

Altars:
Cheibriados
Dithmenos
Elyvilon
Fedhas
Gozag
Kikubaaqudgha
Makhleb
Nemelex Xobeh
Okawaru
Qazlal
Ru
Sif Muna
Trog
Vehumet
Xom
Yredelemnul
Zin
The Shining One

Shops:
D:5 }   D:6 %


Message History

* * * LOW HITPOINT WARNING * * *
The 14-headed hydra bites you.
* * * LOW HITPOINT WARNING * * *
You block the 14-headed hydra's attack. The 14-headed hydra bites you!
* * * LOW HITPOINT WARNING * * *
The 14-headed hydra bites you!
* * * LOW HITPOINT WARNING * * *
The 14-headed hydra barely misses you. The 14-headed hydra misses you.
You tear one of the 14-headed hydra's heads off!
The 13-headed hydra grows two more!
You claw the 15-headed hydra!
The 15-headed hydra is moderately wounded.
You claw one of the 15-headed hydra's heads off!
The 14-headed hydra grows two more!
You claw the 16-headed hydra!
The 16-headed hydra is moderately wounded.
You block the 16-headed hydra's attack. x2
The 16-headed hydra bites you.
* * * LOW HITPOINT WARNING * * *
The 16-headed hydra bites you but does no damage.
The 16-headed hydra bites you!
You die...

#.........##
##...........
..........#
#.........# ..
#.......P.# ...
#.......#.######
#... ##
##.#..#...##..##....
###.
...................
....
..P..###..#........
.... ..###
###......... #.#. ..
##........ ....
#@...##..# ....
#.PD#...# #.# ....
......r....# .# ....
...........# .)..
............. ....
.............. .#..
##..##......... ....
... .. ....... .?..
#.## # # #


You could see a 16-headed hydra and a porcupine.

Vanquished Creatures
  Harold (Lair:1)
  Pikel (D:7)
  7 spiny frogs
  A komodo dragon (Lair:2)
  A two-headed ogre (D:7)
  The ghost of WereVolvo the Bolt Thrower, an amateur KoHu (D:5)
  Sigmund (D:5)
  A wyvern (Lair:2)
  6 yaks
  A hippogriff (Lair:1)
  A basilisk (Lair:2)
  A hungry ghost (D:8)
  A deep elf fighter (D:8)
  The ghost of endege the Sneak, an amateur KoAs (D:4)
  3 water moccasins
  Duvessa (D:7)
  3 slaves (D:7)
  5 wolves (Lair:1)
  7 porcupines
  4 ogres
  4 orc warriors
  An ice beast (D:7)
  6 crocodiles
  2 centaurs
  Blork the orc (D:5)
  10 giant frogs
  A big kobold (D:8)
  A wyvern zombie (D:6)
  Dowan (D:7)
  3 scorpions
  5 killer bees (D:7)
  5 wights (D:3)
  A crimson imp (D:7)
  A hound (D:5)
  4 orc priests
  Crazy Yiuf (D:7)
  A centaur skeleton (D:8)
  8 iguanas
  7 orc wizards
  Jessica (D:2)
  4 jellies
  Terence (D:3)
  A quasit (D:6)
  7 sheep (Lair:2)
  6 worker ants
  A worker ant zombie (D:5)
  7 gnolls
  11 river rats
  3 shadow imps
  9 adders
  5 oozes (D:8)
  An adder skeleton (D:8)
  2 adder zombies (D:5)
  3 worms
  5 giant geckos
  30 orcs
  7 giant cockroaches
  9 hobgoblins
  3 quokkas
  7 ball pythons
  13 bats
  A giant gecko zombie (D:5)
  13 giant newts
  6 goblins
  9 jackals
  10 kobolds
  21 rats
307 creatures vanquished.

Vanquished Creatures (others)
  A slave (D:7)
  A killer bee (D:7)
  2 orcs (D:7)
  A giant newt (D:7)
  3 fungi (D:8)
8 creatures vanquished.

Grand Total: 315 creatures vanquished

Notes
Turn   | Place    | Note
--------------------------------------------------------------
     0 | D:1      | endege the Troll Assassin began the quest for the Orb.
     0 | D:1      | Reached XP level 1. HP: 19/19 MP: 0/0
     0 | D:1      | 0 ||| counter = 39
    92 | D:1      | Reached skill level 1 in Unarmed Combat
   239 | D:1      | Reached XP level 2. HP: 27/27 MP: 1/1
   288 | D:1      | Reached skill level 1 in Dodging
   604 | D:1      | 604 ||| READING scroll labeled WAVVUE KOEQEKA.
   607 | D:1      | 607 ||| READING 3 scrolls labeled CUANYL RUFULO.
   608 | D:1      | 608 ||| READING scroll labeled LOBBYO HYTA.
   609 | D:1      | 609 ||| READING 2 scrolls of identify.
   609 | D:1      | 609 ||| IDENTIFYING fuming amethyst potion
   610 | D:1      | 610 ||| DROPPING 8 poisoned needles.
   611 | D:1      | 611 ||| DROPPING 2 curare-tipped needles.
   784 | D:2      | Reached XP level 3. HP: 33/33 MP: 2/2
   928 | D:2      | Noticed Jessica
   981 | D:2      | Killed Jessica
   981 | D:2      | Reached skill level 3 in Unarmed Combat
  1035 | D:2      | Reached XP level 4. HP: 41/41 MP: 3/3
  1676 | D:2      | 1676 ||| UPGRADING to shield.
  1681 | D:2      | 1681 ||| READING 2 scrolls labeled QUNOEC NIOB.
  1682 | D:2      | 1682 ||| READING 2 scrolls labeled WUEPNAD ROIN CUZI.
  1683 | D:2      | 1683 ||| READING scroll of enchant armour.
  1683 | D:2      | 1683 ||| ENCHANTING +0 shield.
  1684 | D:2      | 1684 ||| READING scroll labeled BYOZIO FASA.
  1685 | D:2      | 1685 ||| READING scroll labeled KUJETTAIRE.
  1686 | D:2      | 1686 ||| READING scroll labeled NEHAYSTEJO.
  1687 | D:2      | 1687 ||| READING 2 scrolls of identify.
  1687 | D:2      | 1687 ||| IDENTIFYING silver ring
  1688 | D:2      | 1688 ||| UPGRADING to ring of poison resistance.
  1689 | D:2      | 1689 ||| DROPPING 5 needles of confusion.
  1889 | D:3      | Reached skill level 1 in Shields
  1956 | D:3      | Reached XP level 5. HP: 48/48 MP: 4/4
  2134 | D:3      | Noticed Terence
  2197 | D:3      | Killed Terence
  2377 | D:3      | Reached skill level 4 in Unarmed Combat
  2381 | D:3      | Reached XP level 6. HP: 51/57 MP: 5/5
  2422 | D:3      | Found a glowing drain.
  2423 | D:3      | 2423 ||| Found Sewer.
  2450 | Sewer    | Entered a sewer
  2451 | Sewer    | 2451 ||| Entered Sewer.
  2778 | Sewer    | 2778 ||| READING scroll labeled ZOFYPO RAWANA.
  2779 | Sewer    | 2779 ||| READING scroll labeled DIALAUKH RAELO.
  2780 | Sewer    | 2780 ||| READING scroll labeled ACLYOV XE YNU.
  2781 | Sewer    | 2781 ||| DRINKING 4 fuming white potions.
  2782 | Sewer    | 2782 ||| DRINKING 3 murky sapphire potions.
  2783 | Sewer    | 2783 ||| DRINKING 2 ruby potions.
  2805 | Sewer    | 2805 ||| DROPPING wand of lightning.
  2806 | Sewer    | 2806 ||| DROPPING 3 potions of brilliance.
  2807 | Sewer    | 2807 ||| DROPPING potion of lignification.
  2808 | Sewer    | 2808 ||| DROPPING wand of enslavement.
  3057 | D:3      | 3057 ||| READING 2 scrolls of identify.
  3057 | D:3      | 3057 ||| IDENTIFYING sapphire potion
  3058 | D:3      | 3058 ||| DROPPING potion of mutation.
  3067 | D:4      | Reached skill level 5 in Unarmed Combat
  3161 | D:4      | Reached XP level 7. HP: 66/66 MP: 6/6
  3205 | D:4      | Noticed endege's ghost (amateur KoAs)
  3221 | D:4      | Killed endege's ghost
  4018 | D:4      | 4018 ||| UPGRADING to cabochon ring.
  4019 | D:4      | 4019 ||| REMOVING +3 ring of intelligence.
  4020 | D:4      | 4020 ||| DROPPING +3 ring of intelligence.
  4021 | D:4      | 4021 ||| UPGRADING to large bronze ring.
  4022 | D:4      | 4022 ||| REMOVING ring of sustain attributes.
  4023 | D:4      | 4023 ||| DROPPING ring of sustain attributes.
  4024 | D:4      | 4024 ||| DRINKING 2 glowing green potions.
  4031 | D:4      | 4031 ||| READING 3 scrolls of identify.
  4031 | D:4      | 4031 ||| IDENTIFYING glowing brown potion
  4032 | D:4      | 4032 ||| READING 2 scrolls of identify.
  4032 | D:4      | 4032 ||| IDENTIFYING blue potion
  4033 | D:4      | 4033 ||| DROPPING potion of ambrosia.
  4034 | D:4      | 4034 ||| DROPPING potion of magic.
  4035 | D:4      | 4035 ||| DROPPING wand of fireball.
  4036 | D:4      | 4036 ||| DROPPING potion of flight.
  4067 | D:5      | Entered Level 5 of the Dungeon
  4067 | D:5      | Found Ymmeh's Gadget Boutique.
  4100 | D:5      | Noticed WereVolvo's ghost (amateur KoHu)
  4109 | D:5      | 4109 ||| Stepping ~*~*~tactically~*~*~ (outnumbered).
  4110 | D:5      | 4110 ||| Stepping ~*~*~tactically~*~*~ (outnumbered).
  4122 | D:5      | Killed WereVolvo's ghost
  4122 | D:5      | Reached skill level 3 in Dodging
  4122 | D:5      | Reached skill level 6 in Unarmed Combat
  4186 | D:5      | Noticed Blork the orc
  4200 | D:5      | Killed Blork the orc
  4206 | D:5      | 4206 ||| Stepping ~*~*~tactically~*~*~ (outnumbered).
  4207 | D:5      | Reached skill level 3 in Fighting
  4346 | D:5      | Reached XP level 8. HP: 75/75 MP: 7/7
  4373 | D:5      | Reached skill level 3 in Shields
  4402 | D:5      | Noticed Sigmund
  4419 | D:5      | Killed Sigmund
  4419 | D:5      | Reached skill level 7 in Unarmed Combat
  4613 | D:5      | Found a staircase to the Ecumenical Temple.
  4624 | Temple   | Entered the Ecumenical Temple
  4625 | Temple   | 4625 ||| Entered T.
  4700 | Temple   | 4700 ||| UPGRADING to glowing robe.
  4710 | Temple   | 4710 ||| DROPPING +0 robe.
  4711 | Temple   | 4711 ||| DROPPING 15 poisoned needles.
  4767 | D:5      | Found a deep blue altar of Sif Muna.
  4825 | D:5      | 4825 ||| DRINKING 2 green potions.
  5434 | D:6      | Found Gupos's Food Emporium.
  5442 | D:6      | Bought 3 fruits for 58 gold pieces
  5442 | D:6      | Bought a meat ration for 65 gold pieces
  5442 | D:6      | Bought a bread ration for 65 gold pieces
  5442 | D:6      | Bought a royal jelly for 26 gold pieces
  5442 | D:6      | Bought a meat ration for 65 gold pieces
  5442 | D:6      | Bought a slice of pizza for 19 gold pieces
  5442 | D:6      | Bought a beef jerky for 19 gold pieces
  5453 | D:6      | Reached skill level 8 in Unarmed Combat
  5833 | D:6      | Reached XP level 9. HP: 84/84 MP: 8/8
  6058 | D:6      | 6058 ||| READING 3 scrolls labeled WITEHAI GASKOF.
  6059 | D:6      | 6059 ||| READING scroll labeled RAXZYMI RUEPAO.
  6060 | D:6      | 6060 ||| DROPPING 2 scrolls of summoning.
  6061 | D:6      | 6061 ||| DROPPING 4 needles of sleeping.
  6074 | D:7      | Noticed Pikel
  6086 | D:7      | 6086 ||| Stepping ~*~*~tactically~*~*~ (outnumbered).
  6087 | D:7      | 6087 ||| Stepping ~*~*~tactically~*~*~ (outnumbered).
  6090 | D:7      | 6090 ||| Stepping ~*~*~tactically~*~*~ (outnumbered).
  6093 | D:7      | 6093 ||| Stepping ~*~*~tactically~*~*~ (outnumbered).
  6094 | D:7      | 6094 ||| Stepping ~*~*~tactically~*~*~ (outnumbered).
  6095 | D:7      | 6095 ||| Stepping ~*~*~tactically~*~*~ (outnumbered).
  6096 | D:7      | 6096 ||| Stepping ~*~*~tactically~*~*~ (outnumbered).
  6097 | D:7      | 6097 ||| Stepping ~*~*~tactically~*~*~ (outnumbered).
  6100 | D:7      | 6100 ||| Stepping ~*~*~tactically~*~*~ (outnumbered).
  6108 | D:7      | Killed Pikel
  6108 | D:7      | Reached skill level 9 in Unarmed Combat
  6140 | D:7      | Noticed Dowan
  6154 | D:7      | Noticed Duvessa
  6158 | D:7      | Killed Dowan
  6170 | D:7      | Killed Duvessa
  6184 | D:7      | Found a radiant altar of Vehumet.
  6211 | D:7      | Found a white marble altar of Elyvilon.
  6580 | D:7      | Found a sparkling altar of Nemelex Xobeh.
  6582 | D:7      | Found a bloodstained altar of Trog.
  6587 | D:7      | Became a worshipper of Trog the Wrathful
  6589 | D:7      | Found a shadowy altar of Dithmenos.
  6666 | D:7      | Noticed Crazy Yiuf
  6671 | D:7      | Killed Crazy Yiuf
  6772 | D:7      | 6772 ||| UPGRADING to large sapphire amulet.
  6773 | D:7      | 6773 ||| READING 3 scrolls of remove curse.
  6774 | D:7      | 6774 ||| DRINKING 2 grey potions.
  6775 | D:7      | 6775 ||| READING 2 scrolls of identify.
  6775 | D:7      | 6775 ||| IDENTIFYING fuming ruby potion
  6776 | D:7      | 6776 ||| DROPPING potion of berserk rage.
  6777 | D:7      | 6777 ||| DROPPING potion of agility.
  6800 | D:8      | 6800 ||| STAIRDANCE
  6822 | D:8      | 6822 ||| STAIRDANCE
  6825 | D:7      | Reached skill level 10 in Unarmed Combat
  6829 | D:8      | 6829 ||| STAIRDANCE
  6973 | D:8      | 6973 ||| Stepping ~*~*~tactically~*~*~ (outnumbered).
  6975 | D:8      | 6975 ||| Stepping ~*~*~tactically~*~*~ (outnumbered).
  6976 | D:8      | 6976 ||| Stepping ~*~*~tactically~*~*~ (outnumbered).
  6982 | D:8      | Reached * piety under Trog
  6996 | D:8      | Reached XP level 10. HP: 94/94 MP: 9/9
  7040 | D:8      | 7040 ||| Stepping ~*~*~tactically~*~*~ (outnumbered).
  7044 | D:8      | 7044 ||| Stepping ~*~*~tactically~*~*~ (outnumbered).
  7046 | D:8      | 7046 ||| Stepping ~*~*~tactically~*~*~ (outnumbered).
  7050 | D:8      | 7050 ||| Stepping ~*~*~tactically~*~*~ (outnumbered).
  7051 | D:8      | 7051 ||| Stepping ~*~*~tactically~*~*~ (outnumbered).
  7053 | D:8      | 7053 ||| Stepping ~*~*~tactically~*~*~ (outnumbered).
  7059 | D:8      | 7059 ||| Stepping ~*~*~tactically~*~*~ (outnumbered).
  7063 | D:8      | 7063 ||| INVOKING Berserk.
  7321 | D:8      | 7321 ||| Stepping ~*~*~tactically~*~*~ (outnumbered).
  7322 | D:8      | 7322 ||| Stepping ~*~*~tactically~*~*~ (outnumbered).
  7323 | D:8      | 7323 ||| Stepping ~*~*~tactically~*~*~ (outnumbered).
  7481 | D:8      | Found a staircase to the Lair.
  7661 | D:8      | 7661 ||| INVOKING Berserk.
  7736 | D:8      | 7736 ||| READING scroll labeled PEINOM WIENNEZ.
  7737 | D:8      | 7737 ||| DROPPING poisoned needle.
  7757 | Lair:1   | Entered Level 1 of the Lair of Beasts
  7758 | Lair:1   | 7758 ||| Entered L.
  7769 | Lair:1   | 7769 ||| INVOKING Berserk.
  7773 | Lair:1   | Reached ** piety under Trog
  7845 | Lair:1   | 7845 ||| Stepping ~*~*~tactically~*~*~ (outnumbered).
  7846 | Lair:1   | 7846 ||| Stepping ~*~*~tactically~*~*~ (outnumbered).
  7847 | Lair:1   | 7847 ||| Stepping ~*~*~tactically~*~*~ (outnumbered).
  7848 | Lair:1   | 7848 ||| Stepping ~*~*~tactically~*~*~ (outnumbered).
  7851 | Lair:1   | 7851 ||| Stepping ~*~*~tactically~*~*~ (outnumbered).
  7856 | Lair:1   | Reached skill level 11 in Unarmed Combat
  7928 | Lair:1   | Noticed Harold
  7934 | Lair:1   | 7934 ||| INVOKING Berserk.
  7943 | Lair:1   | Killed Harold
  8058 | Lair:1   | Found a labyrinth entrance.
  8221 | Lair:1   | 8221 ||| INVOKING Berserk.
  8379 | Lair:1   | 8379 ||| INVOKING Berserk.
  8499 | Lair:1   | 8499 ||| Stepping ~*~*~tactically~*~*~ (outnumbered).
  8500 | Lair:1   | 8500 ||| Stepping ~*~*~tactically~*~*~ (outnumbered).
  8501 | Lair:1   | 8501 ||| Stepping ~*~*~tactically~*~*~ (outnumbered).
  8502 | Lair:1   | 8502 ||| Stepping ~*~*~tactically~*~*~ (outnumbered).
  8503 | Lair:1   | 8503 ||| Stepping ~*~*~tactically~*~*~ (outnumbered).
  8505 | Lair:1   | 8505 ||| Stepping ~*~*~tactically~*~*~ (outnumbered).
  8507 | Lair:1   | 8507 ||| Stepping ~*~*~tactically~*~*~ (outnumbered).
  8508 | Lair:1   | 8508 ||| Stepping ~*~*~tactically~*~*~ (outnumbered).
  8510 | Lair:1   | 8510 ||| Stepping ~*~*~tactically~*~*~ (outnumbered).
  8511 | Lair:1   | 8511 ||| Stepping ~*~*~tactically~*~*~ (outnumbered).
  8512 | Lair:1   | 8512 ||| Stepping ~*~*~tactically~*~*~ (outnumbered).
  8513 | Lair:1   | 8513 ||| Stepping ~*~*~tactically~*~*~ (outnumbered).
  8580 | Lair:1   | 8580 ||| INVOKING Berserk.
  8587 | Lair:1   | Reached XP level 11. HP: 52/105 MP: 10/10
  8589 | Lair:1   | HP: 34/157 [iguana (11)]
  8747 | Lair:1   | 8747 ||| INVOKING Berserk.
  8750 | Lair:1   | Reached skill level 12 in Unarmed Combat
  8825 | Lair:1   | 8825 ||| Stepping ~*~*~tactically~*~*~ (outnumbered).
  8826 | Lair:1   | 8826 ||| Stepping ~*~*~tactically~*~*~ (outnumbered).
  8828 | Lair:1   | 8828 ||| Stepping ~*~*~tactically~*~*~ (outnumbered).
  8830 | Lair:1   | 8830 ||| Stepping ~*~*~tactically~*~*~ (outnumbered).
  8833 | Lair:1   | 8833 ||| Stepping ~*~*~tactically~*~*~ (outnumbered).
  8996 | Lair:1   | 8996 ||| Stepping ~*~*~tactically~*~*~ (outnumbered).
  8998 | Lair:1   | 8998 ||| Stepping ~*~*~tactically~*~*~ (outnumbered).
  9006 | Lair:1   | Reached *** piety under Trog
  9057 | Lair:1   | 9057 ||| DROPPING wand of cold.
  9058 | Lair:1   | 9058 ||| DROPPING 6 poisoned needles.
  9059 | Lair:1   | 9059 ||| DROPPING wand of flame.
  9091 | Lair:2   | Reached skill level 6 in Shields
  9130 | Lair:2   | Reached skill level 6 in Dodging
  9167 | Lair:2   | 9167 ||| INVOKING Berserk.
  9172 | Lair:2   | Reached skill level 6 in Fighting
  9337 | Lair:2   | 9337 ||| INVOKING Berserk.
  9630 | Lair:2   | 9630 ||| INVOKING Berserk.
  9706 | Lair:2   | 9706 ||| INVOKING Berserk.
 10000 | Lair:2   | 10000 ||| Stepping ~*~*~tactically~*~*~ (outnumbered).
 10159 | Lair:2   | 10159 ||| UPGRADING to sapphire ring.
 10160 | Lair:2   | 10160 ||| READING 4 scrolls of remove curse.
 10161 | Lair:2   | 10161 ||| REMOVING -3 ring of dexterity.
 10162 | Lair:2   | 10162 ||| DROPPING -3 ring of dexterity.
 10163 | Lair:2   | 10163 ||| READING 3 scrolls of identify.
 10163 | Lair:2   | 10163 ||| IDENTIFYING silvery potion
 10164 | Lair:2   | 10164 ||| DRINKING potion of experience.
 10164 | Lair:2   | Reached skill level 13 in Unarmed Combat
 10164 | Lair:2   | Reached XP level 12. HP: 114/114 MP: 11/11
 10165 | Lair:2   | 10165 ||| READING 2 scrolls of identify.
 10165 | Lair:2   | 10165 ||| IDENTIFYING bubbling brown potion
 10166 | Lair:2   | 10166 ||| DROPPING 15 poisoned needles.
 10167 | Lair:2   | 10167 ||| DROPPING potion of degeneration.
 10418 | Lair:3   | Noticed a five-headed hydra
 10422 | Lair:3   | 10422 ||| INVOKING Berserk.
 10432 | Lair:3   | HP: 34/171 [14-headed hydra (11)]
 10432 | Lair:3   | HP: 9/171 [14-headed hydra (10)]
 10434 | Lair:3   | Mangled by a 16-headed hydra

Vault maps used:
D:1:      dpeg_arrival_erosion
D:2:      first_bread, uniq_jessica
D:3:      portal_sewer_entry_b, uniq_terence
D:4:      serial_forest, infiniplex_forest_corner_2, infiniplex_forest_fountain,
          infiniplex_forest_lined_room_2, infiniplex_forest_pool,
          infiniplex_forest_end_1, infiniplex_forest_straight_2,
          infiniplex_forest_corner_1, infiniplex_forest_lined_3,
          infiniplex_forest_clump_medium
D:5:      overflow_temple_1_default, minmay_temple_entry_trees, serial_shops,
          shop_statue, uniq_sigmund, uniq_blork_the_orc
D:6:      serial_shops, nicolae_shop_stone
D:7:      minitemple, uniq_crazy_yiuf_cottage, uniq_pikel, uniq_duvessa
D:8:      grunt_lair_entry_elf_guard_hut, hangedman_little_slice_of_home,
          minmay_misc_feat_secret_circle, minmay_strange_pillars
Temple:   circular_temple_12
Lair:1:   lab_entry_generic, beast_lair_carwin_2, grunt_megastairs_3,
          lemuel_fruit_fields, uniq_harold
Lair:2:   grunt_forest_large_clearings, infiniplex_staircase_pool
Lair:3:   minmay_lair_oklob_bushes, lemuel_fruit_fields, lemuel_fruit_fields
Sewer:    sewer_co_cracked_pipes

Action                   |  1- 3 |  4- 6 |  7- 9 | 10-12 || total
-------------------------+-------+-------+-------+-------++-------
Melee: Unarmed           |    17 |   179 |   327 |   340 ||   863
Throw: Tomahawk          |    19 |    23 |    76 |    55 ||   173
       Large rock        |    17 |    24 |    40 |     1 ||    82
Invok: Berserk           |       |       |       |    13 ||    13
  Use: Scroll            |     4 |    11 |     6 |     4 ||    25
       Potion            |       |     3 |     3 |     1 ||     7
 Stab: Sleeping          |       |     1 |       |       ||     1
       Distracted        |       |       |     2 |       ||     2
  Eat: Chunk             |    14 |    21 |    35 |    50 ||   120
